 Dungeon Crawl Stone Soup version 0.26.1-2-gb8aa6d0cf2 (webtiles) character file.

Game seed: 18306029862628483479

19 Descartes the Magician (level 2, -1/15 HPs)
             Began as a Deep Elf Wanderer on Mar 6, 2021.
             Was an Initiate of Cheibriados.
             Killed from afar by Natasha (9 damage)
             ... with a magic dart
             ... on level 2 of the Dungeon.
             The game lasted 00:06:39 (1399 turns).

Descartes the Magician (Deep Elf Wanderer)          Turns: 1399, Time: 00:06:40

Health: -1/15      AC:  3    Str: 11    XL:     2   Next: 55%
Magic:  6/9        EV: 11    Int: 16    God:    Cheibriados [......]
Gold:   54         SH:  0    Dex: 15    Spells: 9/10 levels left

rFire    . . .     SeeInvis .   b - +0 hand axe
rCold    . . .     Faith    .   (no shield)
rNeg     . . .     Spirit   .   e - +0 robe
rPois    .         Reflect  .   (no helmet)
rElec    .         Harm     .   k - +0 cloak
rCorr    .         Rampage  .   (no gloves)
Will     .....                  (no boots)
Stlth    +.........             (no amulet)
HPRegen  0.05/turn              (no ring)
MPRegen  0.11/turn              (no ring)

@: very slow
A: no striking features
a: Renounce Religion, Bend Time


You were on level 2 of the Dungeon.
You worshipped Cheibriados.
Cheibriados was noncommittal.
You visited 1 branch of the dungeon, and saw 2 of its levels.

You collected 54 gold pieces.

Inventory:

Hand Weapons
 a - a +2 shortbow
 b - a +0 hand axe (weapon)
 p - a +0 hunting sling
Missiles
 d - 144 stones
 j - 10 poisoned darts (quivered)
 m - 24 arrows
Armour
 e - a +0 robe (worn)
 k - a +0 cloak (worn)
 q - a +0 plate armour
Scrolls
 c - a scroll of identify {unknown}
 i - a scroll of enchant weapon {unknown}
 l - a scroll of magic mapping {unknown}
 n - a scroll of teleportation {unknown}
 o - a scroll of remove curse {unknown}
Potions
 h - a potion of ambrosia {unknown}


   Skills:
 - Level 1.3 Bows
 - Level 2.0 Throwing
 - Level 1.5 Armour
 + Level 4.8 Spellcasting
 + Level 1.3 Conjurations
 - Level 1.3 Hexes
 - Level 1.1 Translocations
 + Level 1.1 Air Magic


You had 9 spell levels left.
You knew the following spells:

 Your Spells              Type           Power        Failure   Level
a - Shock                 Conj/Air       28%          10%         1

Your spell library contained the following spells:

 Spells                   Type           Power        Failure   Level
 Apportation              Tloc           14%          10%         1
 Lesser Beckoning         Tloc           3%           30%         3
 Mephitic Cloud           Conj/Pois/Air  6%           32%         3


Dungeon Overview and Level Annotations

Branches:
Dungeon (2/15)

Altars:
Cheibriados

Annotations:
D:2 Natasha


Message History

Natasha is moderately wounded.
The iron imp hits you but does no damage.
Throw: 12 darts (poison)
Press: ? - help, Q - select action, (/) - cycle Shift-Dir - straight line, f/p - Natasha
Aim: Natasha (moderately wounded, poisoned, 51% to hit)
You throw a poisoned dart. The poisoned dart hits Natasha.
Natasha looks even sicker.
Natasha is moderately wounded.
Natasha casts a spell.
The iron imp barely misses you.
Throw: 11 darts (poison)
Press: ? - help, Q - select action, (/) - cycle Shift-Dir - straight line, f/p - Natasha
Aim: Natasha (heavily wounded, very poisoned, 51% to hit)
You throw a poisoned dart. The poisoned dart hits Natasha.
Natasha looks even sicker.
Natasha is heavily wounded.
Natasha casts a spell at you. The magic dart hits you!
Ouch! That really hurt!
You die...

.. .. #### #.####.#.
.##.... .#.#.....
.....##
...#.##.#+#####(......
#............#5...... #
#..##........#h...###
##.#............@55.....
................###..###
# #<.#........# ...
#†##..##.####### #
#.............#
####...#.####.##########
#.#.#.# #.#......#.#
#.#...# #.#.####.#.#
#.##..####.#.## #...#


You could see an iron imp (summoned), Natasha (very poisoned), a crimson imp
(summoned) and a white imp (summoned).

Vanquished Creatures
  A hobgoblin (D:2)
  9 jackals (D:1)
  2 bats (D:2)
  A frilled lizard (D:2)
  A kobold (D:1)
  3 rats
17 creatures vanquished.

Notes
Turn   | Place    | Note
-------+----------+-------------------------------------------
     0 | D:1      | Descartes the Deep Elf Wanderer began the quest for the
                  | Orb.
     0 | D:1      | Descartes set off with the following items: a +2 shortbow,
                  | 27 arrows, a +0 robe; and the following spells available to
                  | memorise: Apportation, Shock, Lesser Beckoning, Mephitic
                  | Cloud
     0 | D:1      | Reached XP level 1. HP: 10/10 MP: 7/7
     2 | D:1      | Learned a level 1 spell: Shock
   379 | D:1      | Found a snail-covered altar of Cheibriados.
   396 | D:1      | Reached skill level 1 in Conjurations
   396 | D:1      | Reached XP level 2. HP: 8/15 MP: 1/9
   401 | D:1      | Became a worshipper of Cheibriados the Contemplative
   542 | D:1      | You fall into a shaft and drop 1 floor!
   677 | D:1      | Reached skill level 1 in Air Magic
  1384 | D:2      | Noticed Natasha
  1399 | D:2      | Noticed a crimson imp
  1399 | D:2      | Killed from afar by Natasha

Illustrated notes

Levels and vault maps discovered:
D:1:      minmay_arrival_checkered_box, layout_loops_cross, cheibriados_altar_1
D:2:      layout_basic, zin_purify, minmay_between, uniq_natasha

Skill      XL: |  1  2 |
---------------+-------+-----
Conjurations   | 1 |  1.3
Air Magic      | 1 |  1.1
Bows           | |  1.3
Throwing       | |  2.0
Armour         | |  1.5
Spellcasting   | |  4.8
Hexes          | |  1.3
Translocations | |  1.1

Action                   || total
-------------------------++-------
Melee: Hand axe          ||     4
 Fire: Shortbow          ||     9
Throw: Dart              ||     7
 Cast: Shock             ||    41
  Use: Potion            ||     2
Armor: Robe              ||    18
Dodge: Dodged            ||    36
